 Dungeon Crawl Stone Soup version 0.23-a0-819-g6debee6 (webtiles) character file.

64 Fliddo the Sneak (level 3, 0/16 HPs)
             Began as a Spriggan Enchanter on Jan 22, 2019.
             Slain by an adder (3 damage)
             ... on level 2 of the Dungeon.
             The game lasted 00:14:20 (2165 turns).

Fliddo the Sneak (Spriggan Enchanter)               Turns: 2165, Time: 00:14:21

Health: 0/16       AC:  2    Str:  4    XL:     3   Next: 91%
Magic:  8/8        EV: 18    Int: 16    God:
Gold:   70         SH:  0    Dex: 17    Spells: 4/7 levels left

rFire    . . .     SeeInvis +   a - +1 dagger
rCold    . . .     Gourm    .   (shield restricted)
rNeg     . . .     Faith    .   b - +0 robe
rPois    .         Spirit   .   (helmet restricted)
rElec    .         Reflect  .   (no cloak)
rCorr    .         Harm     .   (gloves unavailable)
MR       .....                  (boots unavailable)
Stlth    +++.......             (no amulet)
HPRegen  0.05/turn              (no ring)
MPRegen  0.11/turn              (no ring)

@: lethally poisoned (0 -> -8), very quick
A: very small, unfitting armour, see invisible, herbivore, speed 3, slow
metabolism 2
a: no special abilities


You were on level 2 of the Dungeon.
You were not hungry.

You visited 1 branch of the dungeon, and saw 2 of its levels.

You collected 70 gold pieces.

Inventory:

Hand Weapons
 a - a +1 dagger (weapon)
Armour
 b - a +0 robe (worn)
Jewellery
 e - a +3 ring of slaying {unknown}
Scrolls
 c - 2 scrolls of remove curse {unknown}
 g - a scroll of teleportation {unknown}
 i - a scroll of fear {unknown}
 k - a scroll of noise {unknown}
 m - a scroll of magic mapping {unknown}
Potions
 f - a potion of resistance {unknown}
 h - a potion of curing {unknown}
 j - a potion of flight {unknown}
 l - a potion of haste {unknown}
Comestibles
 d - 5 rations


   Skills:
 + Level 2.9 Short Blades
 - Level 3.0 Dodging
 + Level 6.1 Stealth
 - Level 2.7 Spellcasting
 - Level 3.6 Hexes


You had 4 spell levels left.
You knew the following spells:

 Your Spells              Type           Power        Failure   Level  Hunger
a - Corona                Hex            ##.....      4%          1    #......
b - Ensorcelled Hibernat  Hex/Ice        #.....       14%         2    ##.....

Your spell library contained the following spells:

 Spells                   Type           Power        Failure   Level  Hunger
 Confuse                  Hex            ##......     13%         3    ###....
 Tukima's Dance           Hex            ##......     13%         3    ###....
 Dazzling Spray           Conj/Hex       #.....       26%         3    ###....


Dungeon Overview and Level Annotations

Branches:
Dungeon (2/15)

Altars:


Innate Abilities, Weirdness & Mutations

You are very small and have problems with some larger weapons.
You are too small for most types of armour.
You have supernaturally acute eyesight. (SInv)
You are a herbivore.
You cover ground extremely quickly.
You need to consume almost no food.


Message History

The bat hits you but does no damage.
You closely miss the bat. The bat misses you.
You barely miss the adder.
The adder is moderately wounded.
The bat barely misses you. The adder completely misses you.
You barely miss the adder.
The adder is moderately wounded.
The bat closely misses you. The adder misses you.
You hit the adder.
The adder is heavily wounded.
The adder bites you.
You are lethally poisoned!
The adder poisons you! The bat barely misses you.
* * * LOW HITPOINT WARNING * * *
You feel sick. The bat misses you. The bat hits you but does no damage.
You see here 14 gold pieces.
* * * LOW HITPOINT WARNING * * *
You feel sick. The bat closely misses you. The adder bites you.
You die...

#.......# w...
#.......# ....
#.......###.....
##.....#........
##......#...
###.#.## ..
########....##
##.....##.....##
##..$@..........##
#...Sb...........#
#................#
#................#
#............†...#
#................#
#................#
##........$.....##
##.....##.....##


You could see an adder and a bat.

Vanquished Creatures
  2 adders
  2 oozes
  2 dart slugs (D:1)
  8 bats
  3 giant cockroaches
  5 goblins
  2 hobgoblins (D:1)
  3 kobolds (D:1)
  3 frilled lizards
  5 rats
35 creatures vanquished.

Notes
Turn   | Place    | Note
-------+----------+-------------------------------------------
     0 | D:1      | Fliddo the Spriggan Enchanter began the quest for the Orb.
     0 | D:1      | Reached XP level 1. HP: 9/9 MP: 5/5
   432 | D:1      | Reached XP level 2. HP: 9/13 MP: 6/6
   465 | D:1      | Learned a level 2 spell: Ensorcelled Hibernation
   592 | D:1      | Reached skill level 5 in Stealth
  1107 | D:2      | Reached XP level 3. HP: 16/16 MP: 8/8
  2076 | D:2      | Reached skill level 6 in Stealth
  2165 | D:2      | Slain by an adder

Vault maps used:
D:1:      moated_graveyard_arrival
D:2:      old_standard_altar, gammafunk_temple_overflow_pools

Skill      XL: |  1  2  3 |
---------------+----------+-----
Stealth        | 5 6 |  6.1
Short Blades   | 2 |  2.9
Dodging        | |  3.0
Spellcasting   | |  2.7
Hexes          | |  3.6

Action                   || total
-------------------------++-------
Melee: Dagger            ||   175
 Cast: Ensorcelled Hiber ||    13
       Corona            ||     3
 Stab: Sleeping          ||    14
Armor: Robe              ||    28
Dodge: Dodged            ||   184

Table legend:
 A = Non-vault XP
 B = Vault XP
 C = Vault XP percentage of total XP
 D = Non-vault monster count
 E = Vault monster count
 F = Vault count percentage of total count
                 A         B        C        D         E       F
            +---------+---------+-------+---------+---------+-------
      Total |      92 |       0 |   0.0 |      35 |       0 |   0.0
            +---------+---------+-------+---------+---------+-------
        D:1 |      53 |       0 |   0.0 |      21 |       0 |   0.0
        D:2 |      39 |       0 |   0.0 |      14 |       0 |   0.0
            +---------+---------+-------+---------+---------+-------
